 Dungeon Crawl Stone Soup version 0.29-a0-2-g12fcac58f8 (webtiles) character file.

Game seed: 13449853669734458724

7669 gimp the Basher (level 11, 0/63 HPs)
             Began as a Tengu Wanderer on Jan 27, 2022.
             Was a Believer of Vehumet.
             Slain by a cyclops (18 damage)
             ... on level 9 of the Dungeon.
             The game lasted 00:18:04 (13480 turns).

gimp the Basher (Tengu Wanderer)                   Turns: 13480, Time: 00:18:04

Health: 0/63       AC: 16    Str: 11    XL:     11   Next: 18%
Magic:  12/20      EV: 14    Int: 19    God:    Vehumet [**....]
Gold:   477        SH:  0    Dex: 13    Spells: 13/21 levels left

rFire   . . .      SeeInvis .   a - +2 whip (elec)
rCold   . . .      Faith    .   (no shield)
rNeg    . . .      Spirit   .   k - +3 leather armour {rPois}
rPois   +          Reflect  .   A - +1 hat
rElec   .          Harm     .   l - +0 cloak
rCorr   .          Rampage  .   C - +2 pair of gloves
Will    .....                   (boots unavailable)
Stlth   +.........              (no amulet)
HPRegen 0.20/turn               (no ring)
MPRegen 0.17/turn               (no ring)

@: ice-armoured, freezing walls, flying quickly and evasively, quick
A: beak, talons 3, nimble flight
a: Renounce Religion


You were on level 9 of the Dungeon.
You worshipped Vehumet.
Vehumet was pleased with you.
You visited 3 branches of the dungeon, and saw 12 of its levels.
You also visited: Sewer.

You collected 477 gold pieces.

Inventory:

Hand Weapons
 a - a +2 whip of electrocution (weapon)
 c - the +5 mace of Fedhas's Reproof {holy, Will+}
   (You found it on level 6 of the Dungeon)

   It has been blessed by the Shining One to cause great damage to the undead
   and demons.
   Will:      It increases your willpower.
Missiles
 j - 28 poisoned darts (quivered)
 w - 4 throwing nets
 B - a curare-tipped dart
Armour
 d - a +0 robe
 k - a +3 leather armour of poison resistance (worn)
 l - a +0 cloak (worn)
 A - a +1 hat (worn)
 C - a +2 pair of gloves (worn)
Magical Staves
 b - a staff of fire
Jewellery
 f - a ring of ice
Wands
 n - a wand of charming (15)
 x - a wand of acid (5)
 y - a wand of flame (16)
Scrolls
 h - 5 scrolls of enchant armour
 i - 4 scrolls of teleportation
 s - 2 scrolls of fog
Potions
 g - a potion of resistance {unknown}
 m - 3 potions of mutation
 o - 7 potions of haste
 p - a potion of ambrosia {unknown}
 q - 2 potions of flight {unknown}
 t - a potion of lignification {unknown}
 u - a potion of might
 v - 8 potions of curing


   Skills:
 - Level 5.0 Fighting
 - Level 12.0 Maces & Flails
 - Level 1.0 Throwing
 - Level 2.0 Armour
 - Level 2.1 Dodging
 + Level 5.8 Spellcasting
 - Level 10.0 Conjurations
 - Level 1.1 Necromancy
 - Level 6.0 Ice Magic
 + Level 4.0 Evocations


You had 13 spell levels left.
You knew the following spells:

 Your Spells              Type           Power      Damage    Failure   Level
a - Freeze                Ice            100%       1d11      1%          1
b - Frozen Ramparts       Ice            56%        1d7       3%          3
c - Ozocubu's Armour      Ice            28%        N/A       3%          3
d - Magic Dart            Conj           100%       1d8       1%          1

Your spell library contained the following spells:

 Spells                   Type           Power      Damage    Failure   Level
 Foxfire                  Conj/Fire      96%        2x1d8     1%          1
 Animate Skeleton         Necr           18%        N/A       10%         1
 Vampiric Draining        Necr           9%         2d6       28%         3
 Metabolic Englaciation   Hex/Ice        8%         N/A       77%         5
 Petrify                  Tmut/Erth      5%         N/A       83%         4
 Summon Forest            Summ/Tloc      2%         N/A       99%         5
 Eringya's Noxious Bog    Tmut/Pois      2%         N/A       100%        6
 Statue Form              Tmut/Erth      3%         N/A       100%        6
 Summon Hydra             Summ           2%         N/A       100%        7


Dungeon Overview and Level Annotations

Branches:
Dungeon (10/15)            Temple (1/1) D:6            Lair (0/6) D:8
    Orc (1/2) D:9           Sewer (visited)

Altars:
Ashenzari
Cheibriados
Dithmenos
Elyvilon
Gozag
Kikubaaqudgha
Makhleb
Nemelex Xobeh
Okawaru
Qazlal
Ru
Sif Muna
Trog
Uskayaw
Vehumet
Wu Jian
Xom
Yredelemnul
Zin
The Shining One

Annotations:
D:9 1 runed translucent door


Innate Abilities, Weirdness & Mutations

You have a beak for a mouth.
You have claws for feet.
Your magical nature lets you fly swiftly and evasively.


Message History

You take 12 damage, and have 51/63 hp.
The orc priest looks encouraged for a moment.
The cyclops hits you!!
You fly upwards.
Welcome back to the Dungeon!
Level annotation: 1 runed translucent door
There is a staircase to the Orcish Mines here.
You take 27 damage, and have 24/63 hp.
MASSIVE DAMAGE!!
Casting: Freeze (safe; 1% risk of failure)
Confirm with . or Enter, or press ? or * to list all spells.
A film of ice covers your body!
You now have 17/20 mp.
Casting: Ozocubu's Armour (dangerous; 3% risk of failure)
Confirm with . or Enter, or press ? or * to list all spells.
Casting: Frozen Ramparts (dangerous; 3% risk of failure)
Press: ? - help, Dir - look around, f - activate A staircase to the Orcish Mines.
The walls around you are covered in ice.
The wall freezes the cyclops.
The cyclops hits you!!
* * * LOW HITPOINT WARNING * * *
You take 24 damage, and have 1/63 hp.
MASSIVE DAMAGE!!
You now have 14/20 mp.
You feel much better.
The wall freezes the cyclops.
The cyclops hits you!
* * * LOW HITPOINT WARNING * * *
You regained 17 hp, and now have 18/63 hp.
Casting: Frozen Ramparts (dangerous; 3% risk of failure)
Confirm with . or Enter, or press ? or * to list all spells.
Aiming: Freeze (safe; 1% risk of failure)
Press: ? - help, Shift-Dir - straight line, f - cyclops
Aim: a cyclops, quivering large rocks (lightly wounded)
You freeze the cyclops!
The cyclops is moderately wounded.
You now have 13/20 mp.
Casting: Freeze (safe; 1% risk of failure)
Confirm with . or Enter, or press ? or * to list all spells.
Aiming: Freeze (safe; 1% risk of failure)
Press: ? - help, Shift-Dir - straight line, f/p - cyclops
Aim: a cyclops, quivering large rocks (moderately wounded)
You freeze the cyclops!
The cyclops is heavily wounded.
The wall freezes the cyclops.
The cyclops hits you!!
You die...

# ####........#######.### ##
#..##.#............. .#
#..##.#.....#####..# ############
#...........# #..# ##.........#
##.####.....# #(.#
...#######.####.####....## #..#
#### #.......#...)....## #... #
#.##.##.##C###...# #...
#######)##.##.##@# #...#########.
.....##.##.##.#### #........#....
.<...##.##.##.######....###.#.#..
.....##.#..##.................#..
.................................
.....####..###................###
.....# ##.# #######........#....
.....# #.# #...########## ######
#.# #...###


You could see a cyclops.

Vanquished Creatures
  2 two-headed ogres (D:9)
  An ugly thing (D:9)
  Maurice (D:8)
  A troll (D:5)
  2 hornets (D:9)
  Grinder (D:3)
  2 yaks (D:9)
  Eustachio (D:4)
  A wyvern (D:8)
  A steam dragon (D:8)
  An acid dragon (D:9)
  A water moccasin (D:9)
  A sky beast (D:8)
  2 ice beasts
  3 black bears
  2 ogres
  A necrophage (D:7)
  2 centaurs (D:8)
  4 kobold brigands
  A phantom (D:4)
  Blork the orc (D:4)
  6 bullfrogs
  2 scorpions (D:5)
  A wyvern zombie (D:7)
  A water moccasin skeleton (D:6)
  A wyvern skeleton (D:7)
  23 killer bees
  5 wights (D:6)
  3 howler monkeys
  A centaur zombie (D:4)
  2 jellies (D:5)
  An orc priest (D:6)
  A centaur skeleton (D:3)
  A gnoll shaman (D:7)
  2 hounds
  2 iguanas
  An orc wizard (D:4)
  A killer bee zombie (D:7)
  A hound skeleton (D:4)
  Robin (D:4)
  A howler monkey zombie (D:8)
  8 gnolls
  10 adders
  2 river rats (Sewer)
  2 shadow imps (D:6)
  2 white imps
  An ufetubus (D:5)
  An adder skeleton (D:2)
  3 worms (Sewer)
  26 orcs
  7 ball pythons
  6 endoplasms
  3 giant cockroaches
  6 hobgoblins
  5 jackals
  19 kobolds
  5 quokkas
  5 bats
  3 frilled lizards
  13 goblins
  6 rats
222 creatures vanquished.

Vanquished Creatures (others)
  2 plants (D:1)
2 creatures vanquished.

Grand Total: 224 creatures vanquished

Notes
Turn   | Place    | Note
-------+----------+-------------------------------------------
     0 | D:1      | gimp the Tengu Wanderer began the quest for the Orb.
     0 | D:1      | gimp set off with the following items: a +0 dagger, a +0
                  | robe, a +0 hat; and the following spells available to
                  | memorise: Freeze, Animate Skeleton, Frozen Ramparts,
                  | Ozocubu's Armour, Vampiric Draining
     0 | D:1      | Reached XP level 1. HP: 10/10 MP: 3/3
     2 | D:1      | Learned a level 1 spell: Freeze
     8 | D:1      | Noticed a scorpion
     8 | D:1      | Noticed a black bear
     8 | D:1      | Noticed a rime drake
     8 | D:1      | Noticed a lindwurm
     8 | D:1      | Noticed a water moccasin
   293 | D:1      | Reached XP level 2. HP: 10/15 MP: 3/5
  1241 | D:1      | Found a faded altar of an unknown god.
  1380 | D:2      | Reached XP level 3. HP: 19/19 MP: 4/6
  1606 | D:2      | Learned a level 3 spell: Frozen Ramparts
  1659 | D:2      | Reached skill level 5 in Ice Magic
  1759 | D:2      | Reached XP level 4. HP: 19/24 MP: 4/8
  1813 | D:2      | Learned a level 3 spell: Ozocubu's Armour
  2591 | D:3      | Reached skill level 1 in Maces & Flails
  2591 | D:3      | Reached skill level 1 in Armour
  2898 | D:3      | Gained mutation: Your magical nature lets you fly swiftly
                  | and evasively. [Tengu growth]
  2898 | D:3      | Reached XP level 5. HP: 28/28 MP: 7/10
  3127 | D:3      | Found a glowing drain.
  3138 | Sewer    | Entered a sewer
  3537 | Sewer    | Noticed a kobold brigand
  3547 | Sewer    | Killed a kobold brigand
  3548 | Sewer    | Reached XP level 6. HP: 31/32 MP: 4/12
  3678 | Sewer    | Reached skill level 2 in Maces & Flails
  4005 | D:3      | Reached XP level 7. HP: 33/36 MP: 11/14
  4703 | D:4      | Noticed Eustachio
  4712 | D:4      | Killed Eustachio
  4713 | D:4      | Reached skill level 3 in Maces & Flails
  4880 | D:4      | Noticed Blork the orc
  4890 | D:4      | Killed Blork the orc
  4891 | D:4      | Reached skill level 4 in Maces & Flails
  5332 | D:4      | Noticed Grinder
  5344 | D:3      | Killed Grinder
  5345 | D:3      | Reached skill level 5 in Maces & Flails
  5345 | D:3      | Reached XP level 8. HP: 9/48 MP: 11/15
  5842 | D:4      | Noticed Robin
  5861 | D:4      | Killed Robin
  6608 | D:5      | Entered Level 5 of the Dungeon
  6630 | D:5      | Reached skill level 6 in Maces & Flails
  6720 | D:5      | Reached skill level 5 in Fighting
  6977 | D:5      | Reached skill level 7 in Maces & Flails
  7214 | D:5      | Noticed a troll
  7224 | D:5      | Killed a troll
  7225 | D:5      | Reached skill level 8 in Maces & Flails
  7225 | D:5      | Reached XP level 9. HP: 38/54 MP: 6/16
  8183 | D:6      | Reached skill level 9 in Maces & Flails
  8228 | D:6      | Found a staircase to the Ecumenical Temple.
  8237 | Temple   | Entered the Ecumenical Temple
  8303 | Temple   | Became a worshipper of Vehumet
  8978 | D:6      | Reached skill level 10 in Maces & Flails
  9583 | D:6      | Identified the +5 mace of Fedhas's Reproof {holy, Will+}
  9637 | D:7      | Reached * piety under Vehumet
  9637 | D:7      | Offered knowledge of Magic Dart by Vehumet.
  9669 | D:6      | Learned a level 1 spell: Magic Dart
  9751 | D:7      | Reached skill level 1 in Conjurations
 10126 | D:7      | Reached skill level 11 in Maces & Flails
 10340 | D:7      | Reached XP level 10. HP: 55/59 MP: 14/17
 10409 | D:7      | Reached skill level 5 in Conjurations
 10876 | D:8      | Noticed Maurice
 10900 | D:8      | Killed Maurice
 11553 | D:8      | Found a staircase to the Lair.
 11853 | D:9      | Offered knowledge of Foxfire by Vehumet.
 11952 | D:9      | Reached ** piety under Vehumet
 12017 | D:9      | Found a runed translucent door.
 12018 | D:9      | Noticed a sixfirhy
 12208 | D:9      | Noticed a brown ugly thing
 12227 | D:9      | Killed a brown ugly thing
 12228 | D:9      | Reached skill level 12 in Maces & Flails
 12303 | D:9      | Found a staircase to the Orcish Mines.
 12374 | D:9      | Reached skill level 10 in Conjurations
 12427 | D:9      | Noticed a two-headed ogre
 12451 | D:9      | Killed a two-headed ogre
 12452 | D:9      | Reached skill level 5 in Spellcasting
 12452 | D:9      | Reached XP level 11. HP: 49/63 MP: 12/19
 12875 | D:10     | Entered Level 10 of the Dungeon
 12875 | D:10     | Noticed an ogre mage
 12875 | D:10     | Noticed a two-headed ogre
 12875 | D:10     | Noticed a two-headed ogre
 12875 | D:10     | Noticed a two-headed ogre
 12875 | D:10     | Found a sparkling altar of Nemelex Xobeh.
 12875 | D:10     | Found a glowing golden altar of the Shining One.
 12875 | D:10     | Found a shimmering altar of Xom.
 12895 | D:10     | Noticed a two-headed ogre
 13210 | D:9      | Killed a two-headed ogre
 13298 | D:10     | Found a glowing silver altar of Zin.
 13468 | Orc:1    | Entered Level 1 of the Orcish Mines
 13468 | Orc:1    | Noticed a cyclops
 13471 | Orc:1    | Noticed an orc sorcerer
 13477 | D:9      | HP: 1/63 [cyclops (24)]
 13480 | D:9      | Slain by a cyclops

Illustrated notes

Levels and vault maps discovered:
D:1:      onia_arrival_zoo_common, layout_loops_ring,
          shapermc_ecumenical_altar_petra
D:2:      minmay_chambers_of_ones, layout_basic
D:3:      layout_basic, portal_sewer_entry_b
D:4:      layout_cave_pods, uniq_robin, uniq_grinder, uniq_blork_the_orc,
          uniq_eustachio
D:5:      layout_basic, serial_corexii_hall, corexii_hall_statues_deadend,
          corexii_hall_statues_t
D:6:      layout_basic, minmay_temple_entry_waves
D:7:      layout_rooms, minmay_misc_feat_ornament
D:8:      layout_basic, lair_entry_dummy, uniq_maurice
D:9:      cheibrodos_shockbox, layout_loops_cross, orc_0_dummy,
          kennysheep_generic_room_9
D:10:     layout_rooms, nicolae_hepliaklqana_hippocampus,
          grunt_temple_overflow_open, uniq_gastronok
Temple:   compressed_dpeg_circular_temple
Orc:1:    layout_caves

Skill      XL: |  1  2  3  4  5  6  7  8  9 10 11 |
---------------+----------------------------------+-----
Spellcasting   | 2 3 4 5 |  5.8
Ice Magic      | 5 6 |  6.0
Maces & Flails | 1 2 5 8 11 12 | 12.0
Armour         | 1 2 |  2.0
Fighting       | 3 5 |  5.0
Conjurations   | 4 10 | 10.0
Evocations     | 2 4 |  4.0
Throwing       | |  1.0
Dodging        | |  2.1
Necromancy     | |  1.1

Action                   |  1- 3 |  4- 6 |  7- 9 | 10-12 || total
-------------------------+-------+-------+-------+-------++-------
Melee: Dagger            |    13 |       |       |       ||    13
       Peck              |     4 |     3 |    22 |     4 ||    33
       Kick              |     2 |     2 |    32 |     7 ||    43
       Whip              |       |     9 |   106 |    18 ||   133
       Punch             |       |       |       |     1 ||     1
 Cast: Freeze            |    37 |    69 |   154 |    83 ||   343
       Frozen Ramparts   |       |     5 |    11 |    14 ||    30
       Ozocubu's Armour  |       |     1 |     8 |     9 ||    18
       Magic Dart        |       |       |       |     2 ||     2
Evoke: Wand              |       |       |       |     2 ||     2
  Use: Scroll            |       |       |    10 |     9 ||    19
       Potion            |       |       |       |     1 ||     1
 Stab: Sleeping          |     2 |       |       |       ||     2
Armor: Robe              |     2 |       |       |       ||     2
       Leather armour    |     5 |    19 |    62 |    36 ||   122
Dodge: Dodged            |    10 |    43 |   177 |    57 ||   287

Table legend: (Time is in decaauts)
 A = Elapsed time spent in this place.
 B = Non-inter-level travel time spent in this place.
 C = Inter-level travel time spent in this place.
 D = Time resting spent in this place.
 E = Time spent auto-exploring this place.
 F = Levels seen in this place.
 G = Mean time per level.
                   A        B        C        D        E       F      G
               +--------+--------+--------+--------+--------+-----+--------+
         Total |  12906 |  12468 |    438 |   1178 |   9270 |  13 |  992.8 |
       Dungeon |  11985 |  11558 |    427 |    970 |   8769 |  10 | 1198.5 |
        Temple |     73 |     62 |     11 |      0 |      9 |   1 |   73.0 |
  Orcish Mines |      6 |      6 |      0 |      0 |      0 |   1 |    6.0 |
         Sewer |    841 |    841 |      0 |    208 |    491 |   1 |  841.0 |
               +--------+--------+--------+--------+--------+-----+--------+

Top non-repeatable levels by time:
     D:3: 1646 daAuts
     D:5: 1532 daAuts
     D:6: 1440 daAuts
     D:4: 1377 daAuts
     D:9: 1335 daAuts
     D:2: 1304 daAuts
     D:1: 1269 daAuts
     D:8: 1233 daAuts
   Sewer: 841 daAuts
     D:7: 834 daAuts
  Temple: 73 daAuts
    D:10: 11 daAuts
   Orc:1: 6 daAuts
